Unix NetHack Version 5.0.0-0 post-release - last build Jun 10 2026 00:39:30 (3ee93aec679c4c4259841fe613dc97188e26a321,branch:main).

Game began 2026-07-11 21:12:21, ended 2026-07-11 22:09:13.

LDaviesPeters, neutral female human Archeologist

                                                             ----------
                                                             |...[<...|
                                                             -d..'@...|
                                                             |........|
                                                             ----------

LDaviesPeters the Investigator  St:25 Dx:8 Co:15 In:15 Wi:15 Ch:12  Neutral
Dlvl:8  $:0  HP:0(38) Pw:28(28) AC:4  Xp:6 T:4400 

Latest messages:
 What do you want to use or apply? [abfgikBHOUW or ?*] b
 You put 11 gold pieces into the sack.
 You see here a statue of a gecko.
 You are carrying too much to get through.
 The Uruk-hai hits!
 You miss the Uruk-hai.
 The Uruk-hai hits!
 You miss the Uruk-hai.
 You miss the Uruk-hai.
 You kill the Uruk-hai!
 The Uruk-hai shoots 2 poisoned crude arrows!
 You are hit by the 1st poisoned crude arrow.
 You are hit by the 2nd poisoned crude arrow.
 You see here 2 poisoned crude arrows.
 You descend the stairs.
 You hear a D note squeak in the distance.
 You hear a door open.
 The tengu opens a door.
 You stop waiting.
 You see here a crude chain mail.
 You lash the tengu!
 You lash the tengu!
 The tengu bites!
 You lash the tengu!
 You kill the tengu!
 You hear a door open.
 You miss the elf mummy.
 You lash the elf mummy!
 The elf mummy hits!
 You lash the elf mummy!
 You destroy the elf mummy!
 You see here a mummy wrapping.
 Pick a monster, object or location.
 '        a golem (rope golem)
 What do you want to zap? [iHOUW or ?*] ?
 In what direction? 4
 The sleep ray hits the rope golem.
 You lash the rope golem!
 The rope golem hits!
 The rope golem misses!
 You lash the rope golem!
 The rope golem hits!
 The rope golem hits again!
 The rope golem grabs you!
 You lash the rope golem!
 The rope golem hits!
 The rope golem misses!
 You are being choked.
 You die...
 Do you want your possessions identified? [ynq] (y) q

Inventory:
 Amulets  ('"')
  I - an uncursed amulet of magical breathing
 Weapons  (')')
  L - 9 +0 daggers
  a - a +2 bullwhip (weapon in right hand)
 Armor    ('[')
  Z - an uncursed +0 dwarvish iron helm (being worn)
  p - an uncursed +0 pair of gauntlets of power (being worn)
  u - an uncursed +0 pair of speed boots (being worn)
  D - an uncursed fireproof +0 shield of shock resistance (being worn)
  h - an uncursed +0 leather jacket (being worn)
 Comestibles  ('%')
  w - an uncursed slime mold
  J - an uncursed candy bar labeled "Crispy Yum Yum"
  r - an uncursed carrot
  d - 4 uncursed food rations
  V - an uncursed lembas wafer
  z - an uncursed tripe ration
 Scrolls  ('?')
  n - 2 uncursed scrolls of teleportation
 Rings    ('=')
  l - a cursed -2 ring of gain strength named Cursed
  v - an uncursed ring of slow digestion
  x - an uncursed ring of sustain ability
 Wands    ('/')
  i - a wand of create monster (0:11)
  H - a blessed wand of locking (0:7)
  O - a wand of opening (0:7)
  U - a wand of sleep (0:6)
  W - a wand of sleep (0:4)
 Tools    ('(')
  b - an uncursed sack containing 9 items
  B - an uncursed blindfold
  k - an uncursed skeleton key
  f - a tinning kit (0:38)
 Gems/Stones  ('*')
  F - an uncursed amethyst stone
  o - 3 uncursed aquamarine stones
  g - an uncursed touchstone

Contents of the sack:
  338 gold pieces
  an uncursed scroll of blank paper
  a blessed scroll of confuse monster
  a cursed scroll of fire
  an uncursed scroll of genocide
  a cursed scroll of identify named Cursed
  an uncursed scroll of light
  an uncursed scroll of teleportation
  a +0 pick-axe

LDaviesPeters the Archeologist's attributes:

Background:
 You were an Investigator, a level 6 female human Archeologist.
 You were neutral, nominally on a mission for Camaxtli
 who was opposed by Quetzalcoatl (lawful) and Huhetotl (chaotic).
 You were right-handed.
 You were in the Dungeons of Doom, on level 8.
 You entered the dungeon 4400 turns ago.
 It was nighttime.
 You had 597 experience points, 43 more were needed to attain level 7.

Basics:
 You had 0 out of 38 hit points.
 You had all 28 energy points (spell power).
 Your armor class was 4.
 Your wallet was empty, but
 you had 338 zorkmids stashed away in your pack.
 Autopickup was off.

Final Characteristics:
 Your strength was 25 (base:13, peak:14, innate limit:18/100).
 Your dexterity was 8 (limit:18).
 Your constitution was 15 (limit:18).
 Your intelligence was 15 (limit:18).
 Your wisdom was 15 (limit:18).
 Your charisma was 12 (limit:18).

Final Status:
 You were held by a rope golem (west).
 You weren't hungry.
 You were unencumbered.
 You were wielding a whip.
 You had basic skill with whip and could have enhanced that.

Final Attributes:
 You were piously aligned.
 You were shock resistant.
 Your items were protected from electric shocks.
 You had automatic searching.
 You were stealthy.
 You were very fast.
 You are dead.

Miscellaneous:
 You didn't encounter any bones levels.
 Total elapsed playing time was 56 minutes and 50 seconds.

Major events:
 Turn
    1: LDaviesPeters the neutral female human Archeologist entered the dungeon
 1820: attained the rank of Field Worker (level 3)
 3141: entered the Gnomish Mines
 3592: attained the rank of Investigator (level 6)
 4400: killed by a rope golem

Spells:
 Name                 Level Category     Fail Retention
 haste self             3   escape       100%  76%-100%
 detect unseen          3   divination   100%  76%-100%

Skills:
 Fighting Skills
   bare handed combat [Unskilled]
   two weapon combat  [Unskilled]
   riding             [Unskilled]
 Weapon Skills
   dagger             [Unskilled]
   knife              [Unskilled]
   pick-axe           [Basic]
   short sword        [Unskilled]
   saber              [Unskilled]
   club               [Unskilled]
   quarterstaff       [Unskilled]
   sling              [Unskilled]
   dart               [Unskilled]
   boomerang          [Unskilled]
   whip               [Basic]
   unicorn horn       [Unskilled]
 Spellcasting Skills
   attack spells      [Unskilled]
   healing spells     [Unskilled]
   divination spells  [Unskilled]
   matter spells      [Unskilled]

Voluntary challenges:
 Character rerolling was not enabled.
 You were an atheist.
 You never genocided any monsters.
 You never polymorphed an object.
 You never changed form.
 You used no wishes.
Achievements:
 You entered a shop.
 You attained the rank of Field Worker.
 You entered the Gnomish Mines.
 You attained the rank of Investigator.

 The Dungeons of Doom: levels 1 to 8
    Level 1:
       A fountain, a grave.
    Level 2:
       A general store, many fountains.
    Level 3:
       A general store, some fountains.
    Level 4:
       Stairs down to The Gnomish Mines.
    Level 5:
       A grave.
    Level 6:
       A fountain.
    Level 7:
       A throne.
    Level 8: <- You were here.
       Final resting place for
          you, killed by a rope golem.
 The Gnomish Mines:
    Level 5:


Vanquished creatures:
  a ghost
  a tengu
 an elf mummy
  a leprechaun
  a gnome ruler
 an Uruk-hai
  a rock mole
  2 gnome leaders
  a gray ooze
  a kitten
  a dwarf
  2 hill orcs
  2 rothes
  2 iguanas
  4 coyotes
  a gas spore
  a hobbit
  3 hobgoblins
  2 giant rats
  a cave spider
  2 yellow molds
  3 gnomes
  4 geckos
 10 jackals
  2 kobolds
  3 goblins
  2 sewer rats
  6 grid bugs
  7 lichens
  a kobold zombie
  3 newts
73 creatures vanquished.

No species were genocided or became extinct.

Game over:
                       ----------
                      /          \
                     /    REST    \
                    /      IN      \
                   /     PEACE      \
                  /                  \
                  |  LDaviesPeters   |
                  |      338 Au      |
                  | killed by a rope |
                  |      golem       |
                  |                  |
                  |                  |
                  |       2026       |
                 *|     *  *  *      | *
        _________)/\\_//(\/(/\)/\//\/|_)_______

Goodbye LDaviesPeters the Archeologist...

You died in The Dungeons of Doom on dungeon level 8 with 3063 points,
and 338 pieces of gold, after 4400 moves.
You were level 6 with a maximum of 38 hit points when you died.

